 Dungeon Crawl Stone Soup version 0.23.2-1-ga50397a (webtiles) character file.

Game seed: 8653844262182160786

23 Kahibar the Ruffian (level 2, 0/23 HPs)
             Began as a Draconian Transmuter on May 17, 2019.
             Slain by a leopard gecko (3 damage)
             ... on level 2 of the Dungeon.
             The game lasted 00:08:58 (1204 turns).

Kahibar the Ruffian (Draconian Transmuter)          Turns: 1204, Time: 00:08:59

Health: 0/23       AC:  4    Str: 12    XL:     2   Next: 72%
Magic:  5/5        EV: 12    Int: 13    God:
Gold:   1          SH:  0    Dex: 11    Spells: 2/5 levels left

rFire    . . .     SeeInvis .   a - +0 dagger
rCold    . . .     Gourm    .   (no shield)
rNeg     . . .     Faith    .   (armour unavailable)
rPois    .         Spirit   .   (helmet restricted)
rElec    .         Reflect  .   (no cloak)
rCorr    .         Harm     .   (no gloves)
MR       .....                  (no boots)
Stlth    +.........             (no amulet)
HPRegen  0.07/turn              (no ring)
MPRegen  0.09/turn              (no ring)

@: no status effects
A: unfitting armour, cold-blooded, AC +4
a: no special abilities


You were on level 2 of the Dungeon.
You were not hungry.

You visited 1 branch of the dungeon, and saw 2 of its levels.

You collected 1 gold pieces.

Inventory:

Hand Weapons
 a - a +0 dagger (weapon)
 r - a +0 shortbow
Missiles
 d - 2 needles of sleeping
 e - 21 bolts
 f - 36 stones (quivered)
 i - 12 arrows
Jewellery
 h - an uncursed ring of flight {unknown}
 m - an uncursed ring of magical power {unknown}
Scrolls
 b - a scroll of immolation {unknown}
 g - a scroll of amnesia {unknown}
 j - a scroll of magic mapping {unknown}
 l - 2 scrolls of remove curse {unknown}
 p - a scroll of fear {unknown}
Potions
 k - a potion of magic {unknown}
 n - a potion of heal wounds {unknown}
 o - a potion of curing {unknown}
 q - a potion of lignification {unknown}
Comestibles
 c - 2 rations


   Skills:
 * Level 1.1 Fighting
 * Level 0.1 Short Blades
 * Level 0.1 Throwing
 + Level 2.1 Dodging
 - Level 3.3 Unarmed Combat
 + Level 2.2 Spellcasting
 + Level 2.2 Transmutations


You had 2 spell levels left.
You knew the following spells:

 Your Spells              Type           Power        Failure   Level  Hunger
a - Beastly Appendage     Tmut           #.....       10%         1    ##.....
b - Sticks to Snakes      Tmut           #.......     16%         2    ###....

Your spell library contained the following spells:

 Spells                   Type           Power        Failure   Level  Hunger
 Spider Form              Tmut/Pois      #.........   43%         3    ####...
 Ice Form                 Ice/Tmut       #.......     83%         4    #####..
 Blade Hands              Tmut           #.........   95%         5    ######.


Dungeon Overview and Level Annotations

Branches:
Dungeon (2/15)

Altars:


Innate Abilities, Weirdness & Mutations

Your plain brown scales are hard. (AC +4)
You cannot fit into any form of body armour.
You are cold-blooded and may be slowed by cold attacks.


Message History

You closely miss the leopard gecko.
The leopard gecko is moderately wounded.
The leopard gecko bites you.
You closely miss the leopard gecko.
You tail-slap the leopard gecko, but do no damage.
The leopard gecko is moderately wounded.
The leopard gecko bites you. x2
* * * LOW HITPOINT WARNING * * *
You barely miss the leopard gecko.
The leopard gecko is moderately wounded.
The leopard gecko completely misses you.
You hit the leopard gecko but do no damage.
The leopard gecko is moderately wounded.
The leopard gecko bites you.
* * * LOW HITPOINT WARNING * * *
You hit the leopard gecko but do no damage.
The leopard gecko is moderately wounded.
The leopard gecko closely misses you. The leopard gecko bites you.
You die...

#####################
.......$l@..........#
#######.###########.#
#.# #.###### ...
#######....... #...#
#........##### .....
#.####.......#
>...... #.#####.#
..$.... #.# #.#
###...### #># #..


You could see a leopard gecko.

Vanquished Creatures
  3 dart slugs (D:1)
  2 bats (D:1)
  4 goblins (D:1)
  A ball python (D:1)
  3 frilled lizards (D:1)
  3 kobolds
  2 rats (D:1)
18 creatures vanquished.

Notes
Turn   | Place    | Note
-------+----------+-------------------------------------------
     0 | D:1      | Kahibar the Draconian Transmuter began the quest for the
                  | Orb.
     0 | D:1      | Reached XP level 1. HP: 16/16 MP: 3/3
   365 | D:1      | Reached XP level 2. HP: 23/23 MP: 3/5
  1168 | D:2      | Learned a level 2 spell: Sticks to Snakes
  1204 | D:2      | Slain by a leopard gecko

Skill      XL: |  1 |
---------------+----+-----
Dodging        | 2 |  2.1
Fighting       | |  1.1
Short Blades   | |  0.1
Throwing       | |  0.1
Unarmed Combat | |  3.3
Spellcasting   | |  2.2
Transmutations | |  2.2

Action                   || total
-------------------------++-------
Melee: Unarmed           ||    41
       Headbutt          ||     5
       Tailslap          ||     8
       Dagger            ||    30
 Cast: Beastly Appendage ||     8
  Eat: Chunk             ||     1
Armor: Skin              ||    12
Dodge: Dodged            ||    56
